[Event "Team 45 45 League T71"]
[Site "Internet Chess Club"]
[Date "2017.01.22"]
[Round "6"]
[White "MarcB"]
[Black "Bizzy-Ketty"]
[Result "1-0"]
[WhiteElo "1637"]
[BlackElo "1557"]
[Opening "Sicilian defense"]
[ECO "B33"]
[Time "14:00:31"]
[TimeControl "2700+45"]

1. e4 c5 2. Nf3 Nc6 3. d4 cxd4 4. Nxd4 Nf6 5. Nc3 e6 6. Be3 Bb4 7. f3 O-O 8. Be2
b6 9. Qd2 Bb7 10. a3 Be7 11. O-O-O a6 12. g4 d5 13. Nxc6 Bxc6 14. e5 Nd7 15. Bd4
Nc5 16. Kb1 Qc7 17. h4 f6 18. f4 fxe5 19. Bxe5 Bd6 20. Bxd6 Qxd6 21. Rhf1 Rf7
22. f5 exf5 23. Rxf5 Rxf5 24. gxf5 Rd8 25. Qd4 Re8 26. Bf3 Rf8 27. Bxd5+ Bxd5
28. Nxd5 Rxf5 29. Qc4 Rf7 30. b4 Ne6 31. Nf6+ Rxf6 32. Rxd6 Kf7 33. Rd7+ Kg6 34.
Qg4+ Kh6 35. Rd6 Rg6 36. Rxe6 Rxe6 37. Qg5# {Black checkmated} 1-0

[Event "Team 45 45 League T71"]
[Site "Internet Chess Club"]
[Date "2017.01.22"]
[Round "6"]
[White "moodle"]
[Black "Ajolote"]
[Result "0-1"]
[WhiteElo "1611"]
[BlackElo "1745"]
[Opening "Sicilian: Alapin's variation (2.c3)"]
[ECO "B22"]
[Time "13:00:46"]
[TimeControl "2700+45"]

1. e4 c5 2. c3 Nc6 3. d4 cxd4 4. cxd4 e6 5. Nc3 Be7 6. Nf3 a6 7. Be2 Qc7 8. O-O
d6 9. d5 Nb8 10. Bf4 e5 11. Be3 Nf6 12. Rc1 Qd8 13. Na4 Nbd7 14. Qb3 b5 15. Nc3
Bb7 16. Rfd1 O-O 17. Qc2 Rc8 18. Qd3 Ng4 19. Bd2 Nc5 20. Qc2 Nf6 21. Bd3 b4 22.
Ne2 Ncxe4 23. Qb3 Nxd2 24. Nxd2 Bxd5 25. Qxb4 Rb8 26. Qa3 Qb6 27. Rc2 a5 28.
Rdc1 Ng4 29. Rf1 Qb4 30. Qxb4 Rxb4 31. b3 e4 32. Bc4 Bxc4 33. Rxc4 Rxc4 34. Nxc4
Ra8 35. Nc3 Nf6 36. Nb5 d5 37. Ne3 Rb8 38. Nc7 Rd8 39. Rd1 d4 40. Nc4 Bb4 41.
Nb5 Bc5 42. h3 d3 43. Nc3 Kf8 44. Nd2 e3 45. fxe3 Bxe3+ 46. Kf1 Rc8 47. Nb5 Rc2
48. Nc4 Rf2+ 49. Ke1 Re2+ 50. Kf1 Ne4 51. Nxe3 Rxe3 52. a4 d2 53. Nd4 Rd3 54.
Nf3 Rxb3 55. Nxd2 Nxd2+ 56. Rxd2 Rb4 57. Ra2 Ke7 58. Ke1 Kf6 59. Kf2 h5 60. Kf3
Kg5 61. Kg3 f5 62. Kf3 h4 63. Ke3 g6 64. Kf3 Rb3+ 65. Kf2 Kf4 66. Rc2 Rb4 67.
Ra2 g5 68. Ra3 Rb2+ 69. Kf1 Ke4 70. Rc3 Rb4 71. Ra3 f4 72. Ra2 Kf5 73. Kf2 g4
74. hxg4+ Kxg4 75. Ra3 Re4 76. Kf1 Re3 77. Ra2 Kg3 78. Rc2 Ra3 79. Rc4 Ra1+ 80.
Ke2 Ra2+ 81. Kd3 Rxg2 82. Rc6 Ra2 83. Rg6+ Kh3 84. Rf6 Rxa4 {White resigns} 0-1

[Event "Team 45 45 League T71"]
[Site "Internet Chess Club"]
[Date "2017.01.21"]
[Round "6"]
[White "Skeptic1972"]
[Black "karthikkallam"]
[Result "1-0"]
[WhiteElo "1636"]
[BlackElo "1332"]
[Opening "Scotch gambit: Dubois-Réti defense"]
[ECO "C55"]
[Time "12:02:08"]
[TimeControl "2700+45"]

1. e4 e5 2. Nf3 Nc6 3. d4 exd4 4. Bc4 Nf6 5. e5 Ne4 6. O-O Be7 7. Bd5 Ng5 8.
Nxg5 Bxg5 9. Qh5 O-O 10. Bxg5 Qe8 11. Bf4 Nb4 12. Be4 g6 13. Qf3 f6 14. Qb3+ Kh8
15. Qxb4 fxe5 16. Bh6 Rf6 17. b3 c6 18. c4 Qf7 19. Qe1 Qe6 20. Nd2 d5 21. cxd5
cxd5 22. Bf3 Qd6 23. Bg5 Rf7 24. Bh4 Bf5 25. Bg3 Re7 26. Qd1 Rae8 27. Re1 Rd8
28. Rc1 Qf6 29. Bg4 Bd3 30. Nf3 e4 31. Bh4 {Black resigns} 1-0

[Event "Team 45 45 League T71"]
[Site "Internet Chess Club"]
[Date "2017.01.21"]
[Round "6"]
[White "KnightmanAJ"]
[Black "crazyhorses"]
[Result "1-0"]
[WhiteElo "1391"]
[BlackElo "1352"]
[Opening "Sicilian: dragon, Yugoslav attack, Rauser variation"]
[ECO "B76"]
[Time "14:01:55"]
[TimeControl "2700+45"]

1. e4 c5 2. Nf3 d6 3. d4 cxd4 4. Nxd4 Nf6 5. Nc3 g6 6. Be3 Bg7 7. f3 O-O 8. Qd2
Nc6 9. O-O-O Bd7 10. g4 Rc8 11. h4 Nxd4 12. Bxd4 Qa5 13. Kb1 b5 14. Nd5 Qxd2 15.
Nxe7+ Kh8 16. Rxd2 Rc7 17. h5 Re8 18. Nxg6+ Kg8 19. Nf4 a6 20. g5 {Black
resigns} 1-0

[Event "Team 45 45 League T71"]
[Site "Internet Chess Club"]
[Date "2017.01.22"]
[Round "6"]
[White "NashGames"]
[Black "XNPchess"]
[Result "1/2-1/2"]
[WhiteElo "2224"]
[BlackElo "2107"]
[Opening "Philidor: Nimzovich, Lärobok variation"]
[ECO "A00"]
[Time "19:10:36"]
[TimeControl "2700+45"]

1. Nc3 d6 2. e4 Nf6 3. Nf3 e5 4. d4 Nbd7 5. Bc4 Be7 6. Ng5 O-O 7. Bxf7+ Rxf7 8.
Ne6 Qe8 9. Nxc7 Qd8 10. Nxa8 b6 11. Nb5 a6 12. Nbc7 Bb7 13. f3 Bxa8 14. Nxa8
Qxa8 15. dxe5 Nxe5 16. Qd4 Qc6 17. O-O Nfd7 18. Qd2 Bf6 19. Rd1 Nc4 20. Qd5 Qxd5
21. Rxd5 Nxb2 22. e5 Bxe5 23. Rxe5 Nxe5 24. Bxb2 Rc7 25. Bd4 b5 26. c3 Rc4 27.
Rd1 Kf7 28. Kf2 Nc6 29. Be3 Ke6 30. Re1 d5 31. Re2 Kd6 32. Bd2 Ra4 33. Be3 Ra3
34. Rc2 a5 35. Bf4+ Kc5 36. Ke1 Kb6 37. Bd6 b4 38. Bf8 Rxc3 39. Rd2 d4 40. Bxg7
Kc5 41. f4 a4 42. f5 b3 43. f6 Ne5 44. f7 Rc1+ 45. Ke2 Nxf7 46. Bxd4+ Kb4 47.
axb3 axb3 48. Bb2 Rc5 49. Rd4+ Kb5 50. Ba3 Rc2+ 51. Kf1 Rc4 52. Rd7 Ng5 53. Rb7+
Ka4 54. Ra7+ Kb5 55. Rb7+ Ka4 56. Ra7+ Kb5 57. Rb7+ Ka4 58. Ra7+ Kb5 {Game drawn
by repetition} 1/2-1/2

[Event "Team 45 45 League T71"]
[Site "Internet Chess Club"]
[Date "2017.01.21"]
[Round "6"]
[White "Monterrey"]
[Black "lacibacsi"]
[Result "0-1"]
[WhiteElo "2024"]
[BlackElo "2046"]
[Opening "King's Indian: Makagonov system (5.h3)"]
[ECO "E71"]
[Time "15:33:51"]
[TimeControl "2700+45"]

1. d4 Nf6 2. c4 g6 3. Nc3 Bg7 4. e4 d6 5. h3 O-O 6. Bg5 Na6 7. Bd3 e5 8. d5 c6
9. Nf3 cxd5 10. cxd5 Nc5 11. Bc2 a5 12. O-O Bd7 13. Qe2 a4 14. Bd3 Nxd3 15. Qxd3
Qb6 16. Rab1 Rfc8 17. Rfc1 Qa6 18. Qe3 Rc7 19. b4 axb3 20. Rxb3 Rac8 21. Rcb1
Nh5 22. Nb5 Rc5 23. a4 Bf8 24. Rb4 f5 25. exf5 Bxf5 26. R1b2 Bc2 27. Bh6 Bxa4
28. Ra2 Rxb5 29. Rbxa4 Rb1+ 30. Ne1 Bxh6 31. Rxa6 Bxe3 32. Ra1 Rxe1+ 33. Rxe1
Bxf2+ 34. Kxf2 bxa6 {White resigns} 0-1

[Event "Team 45 45 League T71"]
[Site "Internet Chess Club"]
[Date "2017.01.29"]
[Round "6"]
[White "sockbuf"]
[Black "OzymandiasVII"]
[Result "1-0"]
[WhiteElo "1856"]
[BlackElo "1748"]
[Opening "French: exchange variation"]
[ECO "C01"]
[Time "13:00:08"]
[TimeControl "2700+45"]

1. e4 e6 2. d4 d5 3. exd5 exd5 4. c4 dxc4 5. Bxc4 Nf6 6. Nf3 Be7 7. O-O O-O 8.
Nc3 c6 9. Re1 Bg4 10. Bf4 Nbd7 11. h3 Bh5 12. d5 Nb6 13. dxc6 bxc6 14. Be2 Nfd5
15. Be5 Bb4 16. Rc1 Re8 17. Qc2 Bg6 18. Bd3 Rc8 19. Bxg6 hxg6 20. a3 Nxc3 21.
Bxc3 Bxc3 22. Qxc3 Nd5 23. Rxe8+ Qxe8 24. Qc5 Qe4 25. Qxa7 Nf4 26. Re1 Qc4 27.
Qd7 Rf8 28. Re8 Ne2+ 29. Kh2 Qf4+ 30. g3 Qxf3 31. Rxf8+ Kh7 32. Rxf7 Qh5 33.
Rxg7+ Kh8 34. Re7 {Black resigns} 1-0

[Event "Team 45 45 League T71"]
[Site "Internet Chess Club"]
[Date "2017.01.22"]
[Round "6"]
[White "JJ12"]
[Black "dp15"]
[Result "1-0"]
[WhiteElo "2091"]
[BlackElo "1988"]
[Opening "Ruy Lopez: Anderssen variation"]
[ECO "C77"]
[Time "18:02:33"]
[TimeControl "2700+45"]

1. e4 e5 2. Nf3 Nc6 3. Bb5 a6 4. Ba4 Nf6 5. d3 d6 6. c3 g6 7. O-O Bg7 8. Re1 O-O
9. Bg5 h6 10. Bh4 g5 11. Bg3 Ne7 12. d4 exd4 13. Nxd4 d5 14. e5 Ne4 15. Bc2 Nxg3
16. hxg3 c5 17. Qd3 Ng6 18. Nf5 Bxf5 19. Qxf5 Re8 20. e6 Nh8 21. Nd2 Qd6 22.
Qh7+ Kf8 23. exf7 Nxf7 24. Bg6 Re6 25. Rxe6 Qxe6 26. Nf3 Ne5 27. Nxe5 Qxe5 28.
Rf1 c4 29. Bh5 Qe7 30. Qf5+ Kg8 31. Qxd5+ Kh8 32. Qxc4 Rd8 33. Bg6 Rd2 34. Qc8+
Bf8 35. Kh2 Kg7 36. Bb1 Qf7 37. b3 Rxf2 38. Rxf2 Qxf2 39. Qxb7+ Qf7 40. Qf3 Bc5
41. Bd3 a5 42. Qxf7+ Kxf7 43. Kh3 h5 44. g4 h4 45. g3 hxg3 46. Kxg3 Kf6 47. Kf3
Ke5 48. Bf5 Kd5 49. Ke2 Ba3 50. Kd3 Bd6 51. Be4+ Kc5 52. Bg6 Kb5 53. Be8+ Kc5
54. a3 Kb6 55. b4 axb4 56. axb4 Be5 57. c4 Bg3 58. c5+ Kc7 59. Kc4 Bf2 60. b5
Kb7 61. Bc6+ Ka7 62. Bf3 Be3 63. Kd5 Bf2 64. Kc6 Bg3 65. b6+ Kb8 66. Kb5 Bf4 67.
c6 Be3 68. c7+ Kc8 69. Kc6 Bxb6 70. Kxb6 Kd7 71. Bb7 Kd6 72. c8=Q {Black
resigns} 1-0

[Event "Team 45 45 League T71"]
[Site "Internet Chess Club"]
[Date "2017.01.20"]
[Round "6"]
[White "hood"]
[Black "TheRailgun"]
[Result "1-0"]
[WhiteElo "1990"]
[BlackElo "1862"]
[Opening "Sicilian: Najdorf, Byrne (English) attack"]
[ECO "B90"]
[Time "19:46:36"]
[TimeControl "2700+45"]

1. e4 c5 2. Nf3 d6 3. d4 cxd4 4. Nxd4 Nf6 5. Nc3 a6 6. Be3 e5 7. Nb3 Be6 8. f3
h5 9. a4 Be7 10. Qd2 Nbd7 11. Be2 Qc7 12. O-O O-O 13. a5 Rac8 14. Rac1 Qc6 15.
Rfd1 h4 16. Nd5 Bxd5 17. exd5 Qc7 18. c4 Rfd8 19. Na1 b6 20. Nb3 h3 21. axb6
Nxb6 22. Na5 Re8 23. g3 e4 24. f4 Na8 25. Nc6 Bf8 26. Ra1 Qd7 27. Rxa6 Ng4 28.
Bxg4 Qxg4 29. Rb1 Be7 30. b4 Bh4 31. b5 Nc7 32. Ra7 {Black resigns} 1-0

[Event "Team 45 45 League T71"]
[Site "Internet Chess Club"]
[Date "2017.01.21"]
[Round "6"]
[White "vael"]
[Black "joebobpop"]
[Result "1/2-1/2"]
[WhiteElo "1983"]
[BlackElo "1913"]
[Opening "Ruy Lopez: Wormald (Alapin) attack"]
[ECO "C77"]
[Time "15:08:05"]
[TimeControl "2700+45"]

1. e4 e5 2. Nf3 Nc6 3. Bb5 a6 4. Ba4 Nf6 5. Qe2 b5 6. Bb3 Bc5 7. d3 d6 8. c3 h6
9. O-O O-O 10. Be3 Bxe3 11. fxe3 Be6 12. Nbd2 Re8 13. Bc2 Bg4 14. d4 Bh5 15. Qf2
Bg6 16. Rae1 Qd7 17. h3 Bh7 18. Nh4 Ne7 19. Qg3 Kh8 20. d5 c6 21. Bb3 cxd5 {Game
drawn by mutual agreement} 1/2-1/2

[Event "Team 45 45 League T71"]
[Site "Internet Chess Club"]
[Date "2017.01.19"]
[Round "6"]
[White "soccerisfun"]
[Black "charles-allen"]
[Result "1-0"]
[WhiteElo "1883"]
[BlackElo "1868"]
[Opening "Scandinavian defense"]
[ECO "B01"]
[Time "19:39:03"]
[TimeControl "2700+45"]

1. e4 d5 2. exd5 Nf6 3. Nc3 Bg4 4. f3 Bf5 5. Bc4 Nbd7 6. Nge2 Nb6 7. Bb5+ Nbd7
8. d4 a6 9. Ba4 b5 10. Bb3 Nb6 11. Ng3 Bc8 12. Bf4 Nfxd5 13. Nxd5 Nxd5 14. Bxd5
Qxd5 15. Bxc7 Qc4 16. Bf4 Qb4+ 17. Qd2 Qc4 18. c3 Bb7 19. Qe2 Rc8 20. Qxc4 Rxc4
21. Kd2 f6 22. Rhe1 e5 23. b3 Rc7 24. dxe5 Rd7+ 25. Kc2 fxe5 26. Rxe5+ Be7 27.
Nf5 Kf7 28. Nxe7 Rxe7 29. Rxe7+ Kxe7 30. Rd1 Ke6 31. Rd6+ Kf5 32. Bg3 Bc8 33.
Kd3 Re8 34. Rd5+ Kg6 35. Kd2 Re6 36. Rd6 Kf6 37. Kd3 Rxd6+ 38. Bxd6 Ke6 39. Bf8
g6 40. c4 bxc4+ 41. Kxc4 Ke5 42. a4 h5 43. b4 g5 44. Be7 g4 45. fxg4 hxg4 46. b5
axb5+ 47. Kxb5 Bb7 48. g3 Ke4 49. Kb6 Bd5 50. a5 Kf3 51. a6 Kg2 52. a7 Kxh2 53.
Bd6 Ba8 54. Kc7 Kg2 55. Kb8 Bc6 56. a8=Q Bxa8 57. Kxa8 Kf3 58. Kb8 Ke4 59. Kc7
Kf3 60. Kc6 Ke4 61. Bf4 Kf5 62. Kd5 Kg6 63. Ke6 Kh5 64. Be5 Kg6 65. Bd6 {Black
resigns} 1-0

[Event "Team 45 45 League T71"]
[Site "Internet Chess Club"]
[Date "2017.01.21"]
[Round "6"]
[White "lacibacsi"]
[Black "Ptzz"]
[Result "1/2-1/2"]
[WhiteElo "2029"]
[BlackElo "2077"]
[Opening "Caro-Kann: Gurgenidze system"]
[ECO "B15"]
[Time "05:06:39"]
[TimeControl "2700+45"]

1. e4 c6 2. d4 d5 3. Nc3 g6 4. Nf3 Bg7 5. h3 Nf6 6. e5 Ne4 7. Bd3 Bf5 8. O-O
Nxc3 9. bxc3 Bxd3 10. Qxd3 e6 11. Ba3 Bf8 12. Bxf8 Kxf8 13. Rfb1 Qc7 14. c4 Nd7
15. Qb3 b6 16. a4 Kg7 17. a5 Rhb8 18. Qc3 c5 19. cxd5 exd5 20. Qb3 Qc6 21. c4
dxc4 22. Qxc4 b5 23. d5 bxc4 24. dxc6 Nf8 25. Rb7 Ne6 26. Rc1 Rc8 27. Nd2 Rxc6
28. Nxc4 Ra6 29. Rcb1 Rf8 30. Rd7 Nd8 31. Rb5 h5 32. Rxc5 Ne6 33. Rb5 g5 34. Nd6
Kg6 35. Nc4 Rc8 36. Nd6 Rf8 37. Nc4 Rc8 38. Nd6 Rf8 {Game drawn by repetition}
1/2-1/2

[Event "Team 45 45 League T71"]
[Site "Internet Chess Club"]
[Date "2017.01.20"]
[Round "6"]
[White "Capt-Morgan"]
[Black "JPSVI"]
[Result "1-0"]
[WhiteElo "1933"]
[BlackElo "1742"]
[Opening "Dutch"]
[ECO "A80"]
[Time "21:01:18"]
[TimeControl "2700+45"]

1. d4 f5 2. Nc3 Nf6 3. Bg5 d5 4. Bxf6 exf6 5. e3 c6 6. Qf3 Bd6 7. Bd3 g6 8. h4
h5 9. Nge2 Be6 10. Nf4 Bf7 11. a3 Nd7 12. g3 Qe7 13. O-O O-O-O 14. a4 a5 15. b3
Kb8 16. Na2 Nf8 17. c4 g5 18. Ng2 f4 19. c5 Bc7 20. b4 g4 21. Qd1 fxg3 22. Qe1
gxf2+ 23. Qxf2 f5 24. b5 f4 25. exf4 Kc8 26. Nc1 g3 27. Qb2 Qf6 28. Nb3 Rg8 29.
b6 Bb8 30. Nxa5 Ne6 31. Nxb7 Kxb7 32. a5 Qxd4+ 33. Qxd4 Nxd4 34. a6+ Ka8 35. a7
{Black resigns} 1-0

[Event "Team 45 45 League T71"]
[Site "Internet Chess Club"]
[Date "2017.01.24"]
[Round "6"]
[White "Tobiasdelmonte"]
[Black "laurenpar"]
[Result "0-1"]
[WhiteElo "1717"]
[BlackElo "1904"]
[Opening "Queen's pawn"]
[ECO "A40"]
[Time "21:00:20"]
[TimeControl "2700+45"]

1. d4 e6 2. Nf3 f5 3. Bf4 Nf6 4. e3 g6 5. Be2 Bg7 6. h3 d6 7. c4 Qe7 8. Nc3 Nc6
9. O-O O-O 10. Re1 b6 11. Rc1 Bb7 12. d5 Nd8 13. Bg5 e5 14. b3 Nf7 15. Bxf6 Bxf6
16. e4 f4 17. Kh1 Kh8 18. Rg1 Bc8 19. g4 fxg3 20. Rxg3 Bh4 21. Nxh4 Qxh4 22. Qf1
Ng5 23. Kh2 Bxh3 24. Qe1 Bf1+ 25. Kg1 Bxe2 26. Nxe2 Nf3+ 27. Rxf3 Rxf3 28. Ng3
Raf8 29. Rc2 Rxf2 30. Rxf2 Qxg3+ 31. Kf1 Rxf2+ 32. Qxf2 Qxf2+ 33. Kxf2 Kg7 34.
Kg3 h5 35. b4 Kh6 36. a4 Kg5 {White resigns} 0-1

[Event "Team 45 45 League T71"]
[Site "Internet Chess Club"]
[Date "2017.01.21"]
[Round "6"]
[White "anishio"]
[Black "nidusin2"]
[Result "1-0"]
[WhiteElo "1608"]
[BlackElo "1576"]
[Opening "Ruy Lopez: Berlin defense, 4.O-O, d6"]
[ECO "C66"]
[Time "22:00:21"]
[TimeControl "2700+45"]

1. e4 Nc6 2. Nf3 e5 3. Bb5 d6 4. O-O Nf6 5. Re1 Be7 6. c3 O-O 7. h3 a6 8. Ba4 b5
9. Bc2 Bb7 10. d4 Re8 11. Be3 Na5 12. Nbd2 Nd7 13. b4 Nc6 14. d5 Ncb8 15. Nf1
Nb6 16. Bb3 a5 17. a3 N8d7 18. Ng3 Nc4 19. Bxc4 bxc4 20. Nd2 axb4 21. axb4 c6
22. dxc6 Bxc6 23. Nxc4 Qc7 24. f3 Bb5 25. Na3 Ba4 26. Qd2 Nb6 27. Nf5 Bb3 28.
Nb5 Qc6 29. Nxe7+ Rxe7 30. Qxd6 Qxd6 31. Nxd6 Na4 32. Ra3 Rd7 33. Bc5 Rdd8 34.
Rxb3 {Black resigns} 1-0

[Event "Team 45 45 League T71"]
[Site "Internet Chess Club"]
[Date "2017.01.22"]
[Round "6"]
[White "Portola"]
[Black "ChessHouston"]
[Result "0-1"]
[WhiteElo "1734"]
[BlackElo "1929"]
[Opening "King's Indian: Torre attack"]
[ECO "A48"]
[Time "12:10:58"]
[TimeControl "2700+45"]

1. d4 Nf6 2. Nf3 g6 3. Bg5 Ne4 4. Bf4 c5 5. c3 Bg7 6. e3 O-O 7. Nbd2 Nxd2 8.
Qxd2 cxd4 9. exd4 d6 10. Rd1 Qa5 11. a3 e5 12. dxe5 dxe5 13. Be3 Nc6 14. Be2 Bf5
15. O-O Qa4 16. Qd5 Rfd8 17. Qb5 Qxb5 18. Bxb5 a6 19. Be2 Bc2 20. Rxd8+ Rxd8 21.
Rc1 Ba4 22. Nd2 Na5 23. Kf1 f5 24. g3 e4 25. Ke1 b5 26. Bb6 Rxd2 27. Bxa5 Rxb2
28. c4 Bh6 29. Ra1 Rc2 30. cxb5 axb5 31. Rb1 Rc5 32. Bd1 Rc1 33. Rxc1 Bxc1 34.
Bb4 Kf7 35. Bxa4 bxa4 36. Kd1 Bb2 37. Ke2 Ke6 38. f3 Kd5 39. fxe4+ fxe4 40. Kd2
Kd4 41. h3 e3+ 42. Ke2 Bc1 43. Kd1 Bd2 44. Bxd2 exd2 45. Kxd2 h6 46. Kc2 Kc4 47.
Kb2 Kd3 48. g4 g5 49. Kb1 Kc3 50. Ka2 Kc2 {White resigns} 0-1

[Event "Team 45 45 League T71"]
[Site "Internet Chess Club"]
[Date "2017.01.22"]
[Round "6"]
[White "Signalman"]
[Black "kabindra"]
[Result "1-0"]
[WhiteElo "1842"]
[BlackElo "1745"]
[Opening "Queen's pawn: London system"]
[ECO "A45"]
[Time "12:42:49"]
[TimeControl "2700+45"]

1. d4 Nf6 2. Bf4 g6 3. e3 Bg7 4. Nf3 O-O 5. Be2 d6 6. O-O Bf5 7. c3 h6 8. h3 Kh7
9. Nbd2 Nc6 10. Rc1 a6 11. a4 Re8 12. Re1 e5 13. dxe5 Nxe5 14. Bxe5 dxe5 15. Bc4
Qe7 16. Qb3 Rf8 17. Qxb7 Rab8 18. Qxa6 Rxb2 19. e4 Bc8 20. Qa7 Nh5 21. Qe3 Nf4
22. Rb1 Rxb1 23. Rxb1 Bd7 24. a5 Qa3 25. a6 Bc6 26. Bf1 Qa2 27. g3 Ne6 28. Bc4
Qa5 29. Nb3 Qa2 30. Ra1 Qb2 31. a7 Ba8 32. Kg2 Qc2 33. Rc1 Qxe4 34. Qxe4 Bxe4
35. Ra1 Ng5 36. Be2 Ba8 37. Nc5 e4 38. Nxg5+ hxg5 39. Kg1 Bxc3 40. Rd1 Bc6 41.
Na6 Be5 42. Nb8 Bb7 43. Rb1 Bd5 44. Rb5 Bd4 45. Rxd5 Bxa7 46. Nd7 Rc8 47. Nf6+
Kg7 48. Nxe4 Re8 49. Bf3 g4 50. hxg4 Re7 51. Kg2 f5 52. gxf5 c6 {Black resigns}
1-0

[Event "Team 45 45 League T71"]
[Site "Internet Chess Club"]
[Date "2017.01.20"]
[Round "6"]
[White "Heian"]
[Black "LiangLiang"]
[Result "0-1"]
[WhiteElo "1709"]
[BlackElo "1903"]
[Opening "Sicilian"]
[ECO "B50"]
[Time "19:00:17"]
[TimeControl "2700+45"]

1. e4 c5 2. Nf3 d6 3. Bc4 e6 4. Bb3 Nc6 5. c3 Nf6 6. d3 Be7 7. h3 O-O 8. O-O b5
9. Be3 a5 10. Nbd2 Ba6 11. Bc2 Nd7 12. Nh2 Nb6 13. f4 d5 14. e5 d4 15. Bf2 Nd5
16. g3 dxc3 17. bxc3 Nxc3 18. Qh5 Nb4 19. Bb1 Nxd3 20. Ndf3 Ne2+ 21. Kg2 Nexf4+
22. gxf4 Nxf4+ 23. Kh1 Nxh5 24. Be4 Rc8 25. Rg1 Nf4 26. Be3 Ng6 27. h4 Bxh4 28.
Rg4 h5 29. Rg2 c4 30. Rag1 c3 31. Ng5 Bxg5 32. Bxg5 Qd4 33. Bxg6 fxg6 34. Bf6
Bb7 {White resigns} 0-1

[Event "Team 45 45 League T71"]
[Site "Internet Chess Club"]
[Date "2017.01.23"]
[Round "6"]
[White "evan7284"]
[Black "pokerram"]
[Result "1/2-1/2"]
[WhiteElo "1652"]
[BlackElo "1591"]
[Opening "King's Indian: Torre attack"]
[ECO "A48"]
[Time "15:00:31"]
[TimeControl "2700+45"]

1. d4 Nf6 2. Nf3 g6 3. Bg5 Bg7 4. Nbd2 d5 5. e3 O-O 6. Bd3 Nbd7 7. O-O b6 8. c4
Bb7 9. Rc1 c5 10. cxd5 Nxd5 11. Be4 f5 12. Bd3 N5f6 13. Bc4+ Bd5 14. Bxd5+ Nxd5
15. Qb3 Nf6 16. Bxf6 Bxf6 17. dxc5 Kg7 18. e4 fxe4 19. Nxe4 Nf4 20. Rcd1 Qc7 21.
Nxf6 exf6 22. Qa4 Rad8 23. cxb6 axb6 24. Rxd8 Rxd8 25. Rd1 b5 26. Qb3 Ne2+ 27.
Kf1 Nc1 28. Rxc1 Qxc1+ 29. Ne1 Qc4+ 30. Qxc4 bxc4 31. Ke2 Rb8 32. b3 cxb3 33.
axb3 Rxb3 34. Nd3 g5 35. Nc5 Rb2+ 36. Ke3 Kf7 37. h3 Rb4 38. Ne4 Rb3+ 39. Ke2
Rb2+ 40. Ke3 Ke7 41. Kf3 Rb4 42. Ke3 h6 43. Ng3 Ke6 44. Ne4 Ke5 45. Nc5 Kd6 46.
Ne4+ Ke7 47. Nc5 f5 48. Nd3 f4+ 49. Kf3 Rb3 50. Ke4 Kf6 51. g3 fxg3 52. fxg3 Rb1
53. Nf2 h5 54. g4 Rb4+ 55. Kf3 Rf4+ 56. Kg3 h4+ 57. Kg2 Rxf2+ 58. Kxf2 Ke5 59.
Ke3 Kd5 60. Kd3 Ke5 61. Ke3 Kd5 {Game drawn by mutual agreement} 1/2-1/2

[Event "Team 45 45 League T71"]
[Site "Internet Chess Club"]
[Date "2017.01.23"]
[Round "6"]
[White "milesotoole"]
[Black "idjit"]
[Result "1-0"]
[WhiteElo "1660"]
[BlackElo "1522"]
[Opening "French: Tarrasch, Guimard variation"]
[ECO "C04"]
[Time "20:53:52"]
[TimeControl "2700+45"]

1. e4 e6 2. d4 d5 3. Nd2 Nc6 4. c3 Nf6 5. e5 Nd7 6. f4 Ne7 7. Bd3 Nf5 8. Ngf3 c5
9. Qe2 Be7 10. g4 Nh4 11. O-O O-O 12. Nxh4 Bxh4 13. g5 {Black resigns} 1-0

[Event "Team 45 45 League T71"]
[Site "Internet Chess Club"]
[Date "2017.01.19"]
[Round "6"]
[White "Kingofknights"]
[Black "mongmong"]
[Result "0-1"]
[WhiteElo "1479"]
[BlackElo "1543"]
[Opening "Nimzo-Indian: 4.e3 O-O, 5.Bd3"]
[ECO "E47"]
[Time "19:05:54"]
[TimeControl "2700+45"]

1. d4 e6 2. c4 Nf6 3. Nc3 Bb4 4. e3 O-O 5. Bd3 Re8 6. Ne2 d5 7. O-O Nbd7 8. a3
Be7 9. Ng3 b6 10. cxd5 Nxd5 11. e4 Nxc3 12. bxc3 Bb7 13. f4 c5 14. e5 Nf8 15.
Bb5 Nd7 16. Qg4 a6 17. Bd3 cxd4 18. cxd4 Bd5 19. f5 exf5 20. Nxf5 g6 21. Nh6+
Kg7 22. Nf5+ Kg8 23. Bh6 Bf8 24. Bxf8 Rxf8 25. Nd6 Qe7 26. Qf4 b5 27. Ne4 Bxe4
28. Bxe4 Rac8 29. Bb7 Rb8 30. Bd5 Nb6 31. Bb3 Rbd8 32. Rac1 Nd5 33. Qf3 Nc7 34.
Qc6 Ne6 35. Bxe6 Qxe6 36. Rfd1 Rc8 37. Qf3 Rxc1 38. Rxc1 Rc8 39. Rxc8+ Qxc8 40.
d5 Qc1+ 41. Kf2 Qd2+ 42. Kg3 Qg5+ 43. Kf2 Qxe5 44. g3 f5 45. Qd3 Qd6 46. Qb3 Kf7
47. Ke3 Kf6 48. Kd4 Qb6+ 49. Kd3 Ke5 50. Ke2 Qd4 {White resigns} 0-1

[Event "Team 45 45 League T71"]
[Site "Internet Chess Club"]
[Date "2017.01.23"]
[Round "6"]
[White "smsxman"]
[Black "liujf"]
[Result "0-1"]
[WhiteElo "1338"]
[BlackElo "1414"]
[Opening "Giuoco Piano: four knights variation"]
[ECO "C47"]
[Time "19:30:26"]
[TimeControl "2700+45"]

1. e4 e5 2. Nf3 Nc6 3. Nc3 Nf6 4. Bc4 Bc5 5. O-O d6 6. d4 Nxd4 7. Nxd4 Bxd4 8.
Nb5 Bc5 9. a3 a6 10. Nc3 O-O 11. Be3 Bxe3 12. fxe3 Bd7 13. h3 Re8 14. Bd3 Be6
15. Qf3 d5 16. exd5 Bxd5 17. Qf2 Bc6 18. Rad1 Qe7 19. Qg3 Rad8 20. e4 Rd4 21.
Rde1 Qc5 22. Kh1 Qe7 23. b4 Nh5 24. Qg4 Nf4 25. Qg3 Red8 26. Re3 R8d6 27. Qg4
Nxd3 28. cxd3 Rxd3 29. Ref3 Rxf3 30. Rxf3 Rg6 31. Qc8+ Qe8 32. Qxc7 Re6 33. Nd5
Qd7 34. Qb8+ Re8 35. Qc7 Rd8 36. Qxd7 Rxd7 37. Rd3 f5 38. Rg3 Bxd5 39. exd5 Rxd5
40. Kg1 Rd1+ 41. Kf2 Rd2+ 42. Ke1 Rd4 43. Rc3 Rd7 44. Rc5 Re7 45. Ke2 g6 46. b5
e4 47. b6 Re6 48. Rc8+ Kf7 49. Rc7+ Re7 50. Ke3 Ke6 51. a4 Rxc7 52. bxc7 Kd7 53.
g4 Kxc7 54. gxf5 gxf5 55. a5 b6 56. axb6+ Kxb6 57. h4 h5 58. Kf4 a5 59. Kg5 e3
60. Kxh5 e2 61. Kg5 e1=Q 62. Kxf5 Qxh4 {White resigns} 0-1

[Event "Team 45 45 League T71"]
[Site "Internet Chess Club"]
[Date "2017.01.20"]
[Round "6"]
[White "tamky70"]
[Black "dabodhi"]
[Result "1-0"]
[WhiteElo "1303"]
[BlackElo "1296"]
[Opening "Bird's opening"]
[ECO "A02"]
[Time "15:02:24"]
[TimeControl "2700+45"]

1. f4 g6 2. Nf3 d5 3. e3 Bg7 4. d3 b6 5. Be2 Bb7 6. c3 e6 7. O-O Ne7 8. Na3 a6
9. Bd2 O-O 10. Nc2 Nd7 11. Be1 Nf5 12. Bf2 c5 13. Rb1 Qc7 14. Qd2 a5 15. g4 Nd6
16. Bg3 f5 17. Ng5 Rae8 18. Bf3 h6 19. Nh3 Qd8 20. Qf2 Bf6 21. g5 hxg5 22. fxg5
Be7 23. Qg2 Nf7 24. c4 Nde5 25. Bf4 Nxf3+ 26. Qxf3 Nxg5 27. Nxg5 Bxg5 28. Na3
Bxf4 29. exf4 Bc6 30. Rbe1 Qd7 31. Qg3 Qg7 32. Re5 d4 33. Nb1 Kf7 34. Nd2 Rh8
35. Rf2 Rh5 36. Nf3 Bxf3 37. Qxf3 Kf6 38. Qc6 Re7 39. Rfe2 Qf7 40. Qd6 Rh3 41.
Rd2 Rh4 42. Ree2 Kg7 43. Rg2 Rd7 44. Qxb6 Rxf4 45. Qxc5 Ra7 46. Qe5+ Qf6 47.
Qxf4 e5 48. Qf1 f4 49. Qf3 Qh4 50. Rge2 Re7 51. Re4 Kf6 52. Rg2 g5 53. Kf1 Rg7
54. Qg4 Qh6 55. Qc8 Qh5 56. Qd8+ Ke6 57. Qd5+ Kf6 58. Qxe5+ Kg6 59. Qe8+ Kh6 60.
Re6+ Rg6 61. Qh8# {Black checkmated} 1-0

[Event "Team 45 45 League T71"]
[Site "Internet Chess Club"]
[Date "2017.01.21"]
[Round "6"]
[White "Gojira"]
[Black "az2112"]
[Result "0-1"]
[WhiteElo "1598"]
[BlackElo "1686"]
[Opening "Queen's pawn, Mason variation"]
[ECO "D00"]
[Time "09:00:32"]
[TimeControl "2700+45"]

1. d4 d5 2. Bf4 Nf6 3. e3 Bf5 4. c3 c6 5. h3 Qb6 6. Qb3 Nbd7 7. Nd2 e6 8. Ngf3
h6 9. c4 Qxb3 10. axb3 Bb4 11. g4 Bc2 12. Rc1 {White resigns} 0-1